 Dungeon Crawl Stone Soup version 0.31-a0-198-g2ad674f65e (webtiles) character file.

Game seed: 617172528066743633

470 qw the Skirmisher (level 6, 0/35 HPs)
             Began as a Deep Elf Hunter on June 25, 2023.
             Slain by Menkaure (5 damage)
             ... on level 4 of the Dungeon.
             The game lasted 00:01:30 (2974 turns).

qw the Skirmisher (Deep Elf Hunter)                 Turns: 2974, Time: 00:01:30

Health: 0/35       AC:  6    Str: 16    XL:     6   Next: 82%
Magic:  8/8        EV: 12    Int: 14    God:
Gold:   194        SH:  0    Dex: 18    Spells: 5/5 levels left

rFire   + . .        Y - +0 shortbow (freeze)
rCold   . . .        (shield currently unavailable)
rNeg    . . .        e - +0 ring mail
rPois   .            d - +0 helmet
rElec   .            (no cloak)
rCorr   .            (no gloves)
SInv    .            (no boots)
Will    .....        (no amulet)
Stlth   +            f - ring of protection from fire
HPRegen 0.25/turn    k - +6 ring of strength
MPRegen 0.11/turn

%: no passive effects
@: no status effects
A: no striking features
a: no special abilities


You were on level 4 of the Dungeon.
You visited 1 branch of the dungeon, and saw 4 of its levels.

You collected 194 gold pieces.


   Skills:
 - Level 2.0 Fighting
 + Level 10.3 Ranged Weapons
 - Level 3.2 Dodging
 - Level 1.2 Stealth


You had 5 spell levels left.
You didn't know any spells.
Your spell library was empty.

Inventory:

Hand Weapons
 Y - a +0 shortbow of freezing (weapon)
Armour
 d - a +0 helmet (worn)
 e - a +0 ring mail (worn)
Jewellery
 f - a ring of protection from fire (left hand)
 k - a +6 ring of strength (right hand)
Scrolls
 a - a scroll of revelation {unknown}
 h - a scroll of identify
Potions
 b - a potion of invisibility {unknown}
 c - a potion of might
 g - a potion of degeneration {unknown}
 i - a potion of resistance {unknown}
 j - a potion of mutation {unknown}
 m - a potion of curing {unknown}

Dungeon Overview and Level Annotations

Branches:
Dungeon (4/15)
 Temple: D:4-7

Altars:

Annotations:
D:4 Menkaure


Message History

Enter note:
Enter note: You shoot an arrow.
The arrow hits Menkaure.
Menkaure is lightly damaged.
You shoot an arrow. The arrow barely misses Menkaure.
You shoot an arrow. The arrow hits Menkaure.
Menkaure is moderately damaged.
You shoot an arrow.
The arrow hits Menkaure but does no damage.
Menkaure is moderately damaged.
You shoot an arrow. The arrow hits Menkaure.
The arrow freezes Menkaure.
Menkaure is heavily damaged.
A worm comes into view.
You shoot an arrow. The arrow hits Menkaure.
Menkaure is heavily damaged.
Menkaure closely misses you.
You shoot an arrow. The arrow barely misses Menkaure.
Menkaure closely misses you.
You shoot an arrow. The arrow hits Menkaure.
Menkaure is heavily damaged.
Menkaure hits you!!
Ouch! That really hurt!
You shoot an arrow. The arrow hits Menkaure.
Menkaure is severely damaged.
Menkaure points at you and mumbles some strange words.
Pain shoots through your body!
You shoot an arrow. The arrow barely misses Menkaure.
Menkaure calls on the powers of darkness!
The worm convulses!
Your body is wracked with pain!
You shoot an arrow. The arrow barely misses Menkaure.
Menkaure casts a spell at you. Pain shoots through your body!
Menkaure misses you.
You shoot an arrow.
The arrow hits Menkaure but does no damage.
Menkaure is severely damaged.
Menkaure closely misses you.
You shoot an arrow. The arrow hits Menkaure!
Menkaure is almost destroyed.
Menkaure hits you.
You die...

# ########### ##
#.........# .#
#)........# ##
#####.....# #.....#
#..:..## #......# ##
#####......## .#
#..........@# .#
###.........M.w...[ .#
#.........##.......
.#####.......<..###.....
.................. .....
...#####.......### #.##
...# .......... .# .#.#
.#.......## # ##.#
#########


You could see Menkaure (fast) and a worm.

Vanquished Creatures
  2 phantoms
  A hound (D:3)
  An orc priest (D:3)
  A sleepcap (D:4)
  Natasha (D:3)
  An orc wizard (D:2)
  5 adders
  2 ufetubi
  5 dart slugs
  8 orcs
  2 bats
  10 endoplasms
  5 giant cockroaches
  8 goblins
  17 hobgoblins
  11 jackals
  5 quokkas
  3 ball pythons
  4 frilled lizards
  6 kobolds
  6 rats
104 creatures vanquished.

Notes
Turn   | Place    | Note
-------+----------+-------------------------------------------
     0 | D:1      | qw the Deep Elf Hunter began the quest for the Orb.
     0 | D:1      | Reached XP level 1. HP: 12/12 MP: 3/3
     0 | D:1      | 0 ||| qw: Version: 0.3-a-22-g0ed2b0b
     0 | D:1      | 0 ||| qw: Game counter: 5354
     0 | D:1      | 0 ||| qw: Melee chars always use a shield: true
     0 | D:1      | 0 ||| qw: God list: Okawaru
     0 | D:1      | 0 ||| qw: Allow faded altars: false
     0 | D:1      | 0 ||| qw: Do Orc after clearing Dungeon:15 true
     0 | D:1      | 0 ||| qw: Do second Lair branch before Depths: true
     0 | D:1      | 0 ||| qw: Lair rune preference: random
     0 | D:1      | 0 ||| qw: Goals: Normal
     0 | D:1      | 0 ||| PLANNING D:1-11
    82 | D:1      | Reached skill level 6 in Ranged Weapons
    82 | D:1      | Reached XP level 2. HP: 16/16 MP: 4/4
   371 | D:1      | Reached XP level 3. HP: 20/20 MP: 5/5
   844 | D:1      | 844 ||| UPGRADING to +0 helmet.
   849 | D:1      | 849 ||| UPGRADING to +0 ring mail.
   859 | D:1      | 859 ||| DROPPING +0 leather armour.
   860 | D:1      | 860 ||| UPGRADING to ring of protection from fire.
   861 | D:1      | 861 ||| READING scroll labelled CARU OREPSU.
   862 | D:1      | 862 ||| READING 3 scrolls labelled SAVVEE NITWYH.
   863 | D:1      | 863 ||| READING 2 scrolls of identify.
   863 | D:1      | 863 ||| IDENTIFYING sedimented blue potion
   864 | D:1      | 864 ||| DROPPING scroll of butterflies.
   865 | D:1      | 865 ||| DROPPING potion of berserk rage.
   908 | D:2      | Reached skill level 7 in Ranged Weapons
  1012 | D:2      | 1012 ||| FLEEEEING.
  1013 | D:2      | 1013 ||| FLEEEEING.
  1014 | D:2      | 1014 ||| FLEEEEING.
  1015 | D:2      | 1015 ||| FLEEEEING.
  1016 | D:2      | 1016 ||| FLEEEEING.
  1017 | D:2      | 1017 ||| FLEEEEING.
  1018 | D:2      | 1018 ||| FLEEEEING.
  1019 | D:2      | 1019 ||| FLEEEEING.
  1020 | D:2      | 1020 ||| FLEEEEING.
  1062 | D:2      | Reached XP level 4. HP: 25/25 MP: 6/6
  1303 | D:2      | 1303 ||| UPGRADING to +6 ring of strength.
  1304 | D:2      | 1304 ||| READING scroll labelled TENUAXZAITU.
  1305 | D:2      | 1305 ||| READING scroll labelled MARERUL LUCA.
  1306 | D:2      | 1306 ||| READING 2 scrolls of identify.
  1306 | D:2      | 1306 ||| IDENTIFYING grey potion
  1324 | D:3      | 1324 ||| STAIRDANCE
  1332 | D:2      | Reached skill level 8 in Ranged Weapons
  1337 | D:2      | HP: 3/23 [orc/+0 hand axe (3)]
  1711 | D:3      | Reached XP level 5. HP: 10/29 MP: 7/7
  1903 | D:3      | Noticed a phantom
  1916 | D:3      | Killed a phantom
  1917 | D:3      | Reached skill level 9 in Ranged Weapons
  2040 | D:3      | Found a faded altar of an unknown god.
  2287 | D:3      | Noticed Natasha
  2295 | D:3      | Killed Natasha
  2349 | D:3      | Reached XP level 6. HP: 35/35 MP: 8/8
  2509 | D:3      | 2509 ||| READING scroll labelled DAUNWE KIUNEW.
  2514 | D:3      | 2514 ||| READING scroll labelled CUGGEFFE DIKOLO.
  2528 | D:4      | 2528 ||| STAIRDANCE
  2543 | D:3      | Reached skill level 3 in Dodging
  2593 | D:4      | 2593 ||| STAIRDANCE
  2712 | D:4      | Reached skill level 10 in Ranged Weapons
  2721 | D:4      | HP: 8/35 [sleepcap (7)]
  2961 | D:4      | Noticed Menkaure
  2971 | D:4      | HP: 7/35 [??? (5)]
  2974 | D:4      | Slain by Menkaure

Levels and vault maps discovered:
D:1:      lightli_arrival_windingriver, layout_loops_ring, minmay_crystal_room,
          nicolae_eternal_life
D:2:      layout_rooms
D:3:      layout_loops_corners, shapermc_ecumenical_altar_flowoftime,
          uniq_natasha
D:4:      layout_rooms, beargit_hepliaklqana_dungeon_heroes, temple_green,
          minmay_divided_ellipse, uniq_pikel, uniq_crazy_yiuf_cottage,
          uniq_menkaure

Skill      XL: |  1  2  3  4  5  6 |
---------------+-------------------+-----
Ranged Weapons | 6 7 8 9 10 | 10.3
Fighting       | 2 |  2.0
Dodging        | 3 |  3.2
Stealth        | |  1.2

Action                     |  1- 3 |  4- 6 || total
---------------------------+-------+-------++-------
   Fire: Shortbow          |   144 |   253 ||   397
    Use: Scroll            |     3 |     5 ||     8
 Armour: Leather armour    |    10 |       ||    10
         Ring mail         |     4 |    73 ||    77
  Dodge: Dodged            |    32 |   111 ||   143

Table legend:
 A = Non-vault XP
 B = Vault XP
 C = Vault XP percentage of total XP
 D = Non-vault monster count
 E = Vault monster count
 F = Vault count percentage of total count
                 A         B        C        D         E       F
            +---------+---------+-------+---------+---------+-------
      Total |     459 |     213 |  31.7 |      95 |       9 |   8.7
            +---------+---------+-------+---------+---------+-------
        D:1 |      61 |       0 |   0.0 |      30 |       0 |   0.0
        D:2 |     102 |       0 |   0.0 |      29 |       0 |   0.0
        D:3 |     276 |      35 |  11.3 |      33 |       1 |   2.9
        D:4 |      20 |     178 |  89.9 |       3 |       8 |  72.7
            +---------+---------+-------+---------+---------+-------
